 Dungeon Crawl Stone Soup version 0.29.1-2-gbd0b4ee654 (webtiles) character file.

Game seed: 15845895108431143079

68 zeram the Sneak (level 4, 0/29 HPs)
             Began as an Octopode Brigand on Nov 30, 2022.
             Slain by Robin
             ... wielding a +3 dagger
              (5 damage)
             ... on level 2 of the Dungeon.
             The game lasted 00:01:56 (1418 turns).

zeram the Sneak (Octopode Brigand)                  Turns: 1418, Time: 00:01:57

Health: 0/29       AC:  1    Str: 10    XL:     4   Next: 19%
Magic:  4/4        EV: 12    Int: 15    God:
Gold:   147        SH:  0    Dex: 13    Spells: 3/3 levels left

rFire   . . .      SeeInvis .   a - +2 dagger
rCold   . . .      Faith    .   (no shield)
rNeg    . . .      Spirit   .   (helmet restricted)
rPois   .          Reflect  .   (no amulet)
rElec   .          Harm     .   (no ring)
rCorr   .          Rampage  .   (no ring)
Will    .....                   (no ring)
Stlth   ++++......              (no ring)
HPRegen 0.09/turn               (no ring)
MPRegen 0.09/turn               (no ring)
                                (no ring)
                                (no ring)

@: no status effects
A: almost no armour, amphibious, 8 rings, camouflage 1, gelatinous body 1,
(nimble swimmer 1), tentacles
a: no special abilities


You were on level 2 of the Dungeon.
You visited 1 branch of the dungeon, and saw 2 of its levels.

You collected 147 gold pieces.

Inventory:

Hand Weapons
 a - a +2 dagger (weapon)
Missiles
 b - 15 poisoned darts (quivered)
 c - 3 curare-tipped darts
Jewellery
 e - a ring of wizardry
Scrolls
 h - a scroll of enchant weapon {unknown}
 i - 3 scrolls of teleportation {unknown}
Potions
 d - a potion of ambrosia {unknown}
 f - 2 potions of brilliance {unknown}
 g - a potion of magic {unknown}
 j - a potion of attraction {unknown}


   Skills:
 + Level 2.0 Fighting
 + Level 2.6 Short Blades
 + Level 2.0 Throwing
 + Level 1.1 Dodging
 + Level 7.2 Stealth


You had 3 spell levels left.
You didn't know any spells.
Your spell library was empty.

Dungeon Overview and Level Annotations

Branches:
Dungeon (2/15)

Altars:
Kikubaaqudgha

Annotations:
D:2 Robin


Innate Abilities, Weirdness & Mutations

You cannot wear most types of armour.
You are amphibious.
You can wear up to eight rings at the same time.
Your skin changes colour to match your surroundings (Stealth+).
Your rubbery body absorbs attacks. (AC +1, EV +1)
((You are camouflaged when in or above water. (Stealth+)))
You have tentacles for arms and can constrict up to eight enemies at once.


Message History

The goblins go into a battle-frenzy!
You hit the goblin.
You kill the goblin!
The goblin hits you with a +2 dagger of pain.
Robin throws the goblin at you! The goblin hits you with a +0 dagger.
You see here a +0 club.
You hit the goblin.
You kill the goblin!
The goblin closely misses you.
You hit the goblin. You grab the goblin.
The goblin is moderately wounded.
You constrict the goblin, but do no damage.
The goblin hits you with a +0 dagger. The goblin closely misses you.
You are too injured to fight recklessly!
You are too injured to fight recklessly!
You are too injured to fight recklessly!
You are too injured to fight recklessly!
Unknown command.
You are too injured to fight recklessly!
You barely miss the goblin. Your grab misses the goblin.
You constrict the goblin. The goblin hits you with a +0 dagger.
The goblin barely misses you.
You hit the goblin.
You kill the goblin!
You constrict the goblin.
You kill the goblin!
Robin says, "Duck!"
Robin throws the goblin at you!
Unknown command.
You barely miss the goblin. Your grab misses the goblin.
You squeeze the goblin.
The goblin is moderately wounded.
The goblin hits you with a +0 dagger.
You hit the goblin. You grab the goblin. You squeeze the goblin.
You kill the goblin!
Robin hits you with a +3 dagger.
* * * LOW HITPOINT WARNING * * *
Unknown command.
Robin attacks as you move away! Robin hits you with a +3 dagger.
You die...

#.# #.# #.#
#.# #)# #.#
#.###.#
#...#.#
###.#.#
#...#
#########.#
.....gg@).#
#########.#
#.# #.# #.#
#.# #.# .#


You could see Robin and a goblin (strong).

Vanquished Creatures
  3 adders (D:2)
  A worm (D:2)
  2 dart slugs (D:1)
  3 bats
  3 endoplasms
  9 goblins
  4 hobgoblins
  4 ball pythons (D:1)
  2 frilled lizards
  A kobold (D:2)
  3 rats
35 creatures vanquished.

Notes
Turn   | Place    | Note
-------+----------+-------------------------------------------
     0 | D:1      | zeram the Octopode Brigand began the quest for the Orb.
     0 | D:1      | Reached XP level 1. HP: 14/14 MP: 1/1
     2 | D:1      | Noticed a gargoyle
     2 | D:1      | Noticed a human
     4 | D:1      | Noticed an octopode
     4 | D:1      | Noticed a formicid
     6 | D:1      | Noticed a tengu
     6 | D:1      | Noticed a felid
     8 | D:1      | Noticed a ghoul
     8 | D:1      | Noticed a merfolk
    10 | D:1      | Noticed a draconian
    12 | D:1      | Noticed a spriggan
    12 | D:1      | Noticed a troll
    14 | D:1      | Noticed an elf
    14 | D:1      | Noticed a palentonga
    16 | D:1      | Noticed a demigod
    16 | D:1      | Noticed a naga
    18 | D:1      | Noticed an ogre
    20 | D:1      | Noticed a vine stalker
    20 | D:1      | Noticed a demonspawn
    22 | D:1      | Noticed a meteoran
    24 | D:1      | Noticed a minotaur
    26 | D:1      | Noticed a troll
    26 | D:1      | Noticed a ghoul
    83 | D:1      | Reached XP level 2. HP: 19/19 MP: 2/2
   252 | D:1      | Found a faded altar of an unknown god.
   325 | D:1      | Reached skill level 6 in Stealth
   880 | D:2      | Reached XP level 3. HP: 24/24 MP: 3/3
  1017 | D:2      | Found an ancient bone altar of Kikubaaqudgha.
  1166 | D:2      | Reached skill level 7 in Stealth
  1166 | D:2      | Reached XP level 4. HP: 16/29 MP: 4/4
  1408 | D:2      | Noticed Robin
  1418 | D:2      | Slain by Robin

Illustrated notes

Levels and vault maps discovered:
D:1:      kb_arrival_jail, layout_loops_ring, basic_ecumenical_altar
D:2:      layout_basic, basic_altar, minmay_hexomino_u4, uniq_robin,
          uniq_crazy_yiuf_cottage

Skill      XL: |  1  2  3 |
---------------+----------+-----
Stealth        | 6 7 |  7.2
Fighting       | |  2.0
Short Blades   | |  2.6
Throwing       | |  2.0
Dodging        | |  1.1

Action                   |  1- 3 |  4- 6 || total
-------------------------+-------+-------++-------
Melee: Dagger            |    45 |    16 ||    61
       Constrict         |     8 |     3 ||    11
       Tentacles         |     2 |     2 ||     4
  Use: Scroll            |     1 |       ||     1
 Stab: Sleeping          |    12 |     2 ||    14
Armor: Skin              |     1 |     1 ||     2
Dodge: Dodged            |    15 |     7 ||    22
